 Dungeon Crawl Stone Soup version 0.24.1-14-gf8d2b509d9 (webtiles) character file.

Game seed: 16673284877798912701, levelgen mode: deterministic

12 Mechanical the Chiller (level 2, -4/20 HPs)
             Began as a Barachi Ice Elementalist on Nov 3, 2022.
             Slain by Sigmund
             ... wielding a +0 scythe
              (5 damage)
             ... on level 2 of the Dungeon.
             The game lasted 00:03:39 (752 turns).

Mechanical the Chiller (Barachi Ice Elementalist)    Turns: 752, Time: 00:03:40

Health: -4/20      AC:  3    Str:  9    XL:     2   Next: 33%
Magic:  5/5        EV: 12    Int: 15    God:
Gold:   44         SH:  0    Dex: 12    Spells: 3/6 levels left

rFire    . . .     SeeInvis .   b - +0 dagger
rCold    . . .     Gourm    .   (no shield)
rNeg     . . .     Faith    .   a - +1 robe
rPois    .         Spirit   .   (no helmet)
rElec    .         Reflect  .   (no cloak)
rCorr    .         Harm     .   (no gloves)
MR       .....                  (no boots)
Stlth    +.........             (no amulet)
HPRegen  0.06/turn              (no ring)
MPRegen  0.09/turn              (no ring)

@: confused, can't hop, slow
A: +LOS, swims, robust 1, slowness 1, no potion heal 1, strong legs 1
a: Hop


You were on level 2 of the Dungeon.
You were not hungry.

You visited 1 branch of the dungeon, and saw 2 of its levels.

You collected 44 gold pieces.

Inventory:

Hand Weapons
 b - a +0 dagger (weapon)
Missiles
 e - 17 stones (quivered)
Armour
 a - a +1 robe (worn)
Jewellery
 h - an uncursed amulet of harm {unknown}
Scrolls
 i - a scroll of remove curse
 j - a scroll of immolation {unknown}
Potions
 k - a potion of lignification {unknown}
 l - a potion of curing {unknown}
 m - a potion of degeneration {unknown}
Comestibles
 c - 2 rations
 n - a chunk of flesh


   Skills:
 - Level 2.1 Dodging
 - Level 1.7 Stealth
 + Level 2.6 Spellcasting
 - Level 1.1 Conjurations
 + Level 4.1 Ice Magic


You had 3 spell levels left.
You knew the following spells:

 Your Spells              Type           Power        Failure   Level  Hunger
a - Freeze                Ice            ##..         3%          1    #......
b - Throw Frost           Conj/Ice       #.....       11%         2    ##.....

Your spell library contained the following spells:

 Spells                   Type           Power        Failure   Level  Hunger
 Ozocubu's Armour         Chrm/Ice       #.......     26%         3    ###....
 Throw Icicle             Conj/Ice       #.......     56%         4    #####..
 Summon Ice Beast         Ice/Summ       #.......     65%         4    #####..


Dungeon Overview and Level Annotations

Branches:
Dungeon (1/15)

Altars:

Annotations:
D:2 Sigmund


Innate Abilities, Weirdness & Mutations

Shadows flee at your approach. (+LOS)
You can swim through water.
You cover ground slowly.
You can hop short distances.
You are robust. (+10% HP)
Potions are less effective at restoring your health.


Message History

* * * LOW HITPOINT WARNING * * *
The hobgoblin hits you but does no damage.
The goblin hits you with a +0 club.
* * * LOW HITPOINT WARNING * * *
Okay, then.
Unknown command.
It was a potion of mutation.
You feel extremely strange.
Your system partially rejects the healing effects of potions.
You feel robust. The frilled lizard closely misses you.
The hobgoblin closely misses you.
It was a potion of ambrosia.
You are confused.
Your system partially rejects the healing.
You feel invigorated. The goblin hits you with a +0 club.
* * * LOW HITPOINT WARNING * * *
The frilled lizard bites you but does no damage.
The hobgoblin hits you with a +0 club.
* * * LOW HITPOINT WARNING * * *
Something hits you.
You die...

#############.#
#.# #.# #.#
####.# $.#.#
#w#{# #l#g#
#.@g# #####


You could see a worm, a hobgoblin, a goblin and a frilled lizard.

Vanquished Creatures
  2 bats (D:1)
  A giant cockroach (D:1)
  A hobgoblin (D:1)
  2 goblins (D:1)
  3 kobolds (D:1)
  3 rats (D:1)
12 creatures vanquished.

Notes
Turn   | Place    | Note
-------+----------+-------------------------------------------
     0 | D:1      | Mechanical the Barachi Ice Elementalist began the quest for
                  | the Orb.
     0 | D:1      | Reached XP level 1. HP: 13/13 MP: 3/3
   540 | D:1      | Reached XP level 2. HP: 19/19 MP: 2/5
   544 | D:1      | Learned a level 2 spell: Throw Frost
   556 | D:1      | Reached skill level 4 in Ice Magic
   725 | D:1      | You fall into a shaft and drop 1 floor!
   726 | D:2      | Noticed Sigmund
   751 | D:2      | Gained mutation: Potions are less effective at restoring
                  | your health. [potion of mutation]
   751 | D:2      | Gained mutation: You are robust. (+10% HP) [potion of
                  | mutation]
   752 | D:2      | HP: 1/20 [hobgoblin/+0 club (4)]
   752 | D:2      | Slain by Sigmund

Levels and vault maps discovered:
D:1:      tarquinn_simple_flora_water_e, layout_rooms
D:2:      layout_basic, first_ration, uniq_terence, uniq_sigmund, uniq_natasha

Skill      XL: |  1  2 |
---------------+-------+-----
Ice Magic      | 4 |  4.1
Dodging        | |  2.1
Stealth        | |  1.7
Spellcasting   | |  2.6
Conjurations   | |  1.1

Action                   || total
-------------------------++-------
Melee: Dagger            ||     8
 Cast: Freeze            ||    13
 Abil: Hop               ||     2
  Use: Scroll            ||     2
       Potion            ||     2
Armor: Robe              ||     4
Dodge: Dodged            ||    10
